 Dungeon Crawl Stone Soup version 0.18.1-50-g88ac8fd (webtiles) character file.

2202 simvig the Basher (level 9, -3/77 HPs)
             Began as a Minotaur Fighter on Sept 17, 2016.
             Killed from afar by an orc warrior (13 damage)
             ... with a wand of lightning
             ... on level 6 of the Dungeon.
             The game lasted 00:26:55 (4931 turns).

simvig the Basher (Minotaur Fighter)                Turns: 4931, Time: 00:26:56

Health: -3/77      AC: 19    Str: 25    XL:     9   Next: 12%
Magic:  8/8        EV: 10    Int:  5    God:
Gold:   343        SH:  9    Dex:  8    Spells: 0 memorised, 8 levels left

rFire  . . .     SeeInvis .     B - +3 flail (protect)
rCold  . . .     Gourm    .     n - +0 chain mail
rNeg   . . .     Faith    .     c - +0 shield
rPois  .         Spirit   .     (helmet restricted)
rElec  .         Dismiss  .     (no cloak)
rCorr  +         Reflect  .     (no gloves)
SustAt .         Harm     .     (no boots)
MR     .....                    (no amulet)
Stlth  ..........               p - +4 ring of evasion
                                h - ring of resist corrosion

@: not resistant to hostile enchantments, extremely unstealthy
A: retaliatory headbutt, horns 2, icy blue scales 1, rough black scales 1,
robust 1
a: no special abilities


You were on level 6 of the Dungeon.
You were not hungry.

You visited 1 branch of the dungeon, and saw 6 of its levels.

You collected 343 gold pieces.

Inventory:

Hand Weapons
 a - a +0 flail
 B - a +3 flail of protection (weapon)
Armour
 c - a +0 shield (worn)
 n - a +0 chain mail (worn)
Jewellery
 h - a ring of resist corrosion (left hand)
 p - a +4 ring of evasion (right hand)
Wands
 g - a wand of flame (29/48)
Scrolls
 b - a scroll of remove curse {unknown}
 e - 2 scrolls of random uselessness {unknown}
 i - 2 scrolls of teleportation {unknown}
 j - 2 scrolls of fear {unknown}
 m - 2 scrolls of enchant armour {unknown}
 o - a scroll of amnesia {unknown}
 r - a scroll of recharging {unknown}
 s - 4 scrolls of identify {unknown}
 v - a scroll of magic mapping {unknown}
 x - a scroll of fog {unknown}
 C - a scroll of blinking {unknown}
Potions
 d - 3 potions of might
 l - 2 potions of heal wounds
 q - 2 potions of haste {unknown}
 u - a potion of brilliance {unknown}
 w - 5 potions of curing {unknown}
 z - a potion of berserk rage {unknown}
Comestibles
 f - 4 bread rations
 k - 3 meat rations
 t - a beef jerky


   Skills:
 - Level 3.6 Fighting
 * Level 13.9 Maces & Flails
 - Level 3.6 Armour
 - Level 3.6 Shields


You had 8 spell levels left.
You didn't know any spells.

Dungeon Overview and Level Annotations

Branches:
Dungeon (6/15)
 Temple: D:4-7

Altars:
Ashenzari
Cheibriados
Dithmenos
Nemelex Xobeh
Pakellas
Qazlal
Vehumet
The Shining One


Innate Abilities, Weirdness & Mutations

You reflexively headbutt those who attack you in melee.
You have a pair of horns on your head.
You are partially covered in icy blue scales (AC +1).
You are partially covered in rough black scales (AC +4, Dex -1).
You are robust (+10% HP).


Message History

a club; an animal skin You closely miss the orc warrior.
You block the orc warrior's attack.
You closely miss the orc warrior. Your headbutt misses the orc warrior.
You hit the orc warrior. Your headbutt misses the orc warrior.
The orc warrior is lightly wounded.
The orc warrior hits you but does no damage.
You barely miss the orc warrior.
The orc warrior is lightly wounded.
The orc warrior zaps a wand.
The bolt of lightning hits you! x2
You closely miss the orc warrior. Your headbutt misses the orc warrior.
The orc warrior is lightly wounded.
You hit the orc warrior but do no damage.
The orc warrior is lightly wounded.
You block the orc warrior's attack.
You closely miss the orc warrior.
The orc warrior is lightly wounded.
The orc warrior zaps a wand.
The bolt of lightning hits you!
* * * LOW HITPOINT WARNING * * *
The bolt of lightning hits you!
You die...

###### .....#
###.....### #.
#.'.......#######.
#.#.....#.........
#@#.....#.#.......
#o#.....#.#.(.....
#.#######.#.##.##.
#....o..(...##.##.
#########......##.
#......###.).
#......##..).
#....####'###
###### ♣...♣


You could see an orc warrior.

Vanquished Creatures
  The ghost of Flanowski the Shield-Bearer, an amateur GrFi of Okawaru (D:4)
  Sigmund (D:2)
  A human (D:6)
  Edmund (D:6)
  A phantom (D:5)
  An ogre (D:4)
  2 centaurs (D:5)
  4 big kobolds (D:5)
  2 giant frogs (D:6)
  A scorpion (D:6)
  5 crimson imps
  A hound (D:4)
  2 orc wizards (D:4)
  An iguana (D:4)
  3 orc priests
  Natasha (thrice) (D:2)
  3 worker ants
  Robin (D:2)
  A worker ant zombie (D:3)
  2 adders
  7 gnolls
  A shadow imp (D:5)
  An ooze (D:2)
  An adder skeleton (D:4)
  4 worms
  A giant gecko (D:4)
  12 orcs
  10 bats
  5 giant cockroaches
  44 goblins
  34 hobgoblins
  3 jackals (D:5)
  12 kobolds
  4 quokkas
  A ball python (D:3)
  A giant gecko skeleton (D:4)
  A giant gecko zombie (D:5)
  5 giant newts
  A jackal skeleton (D:4)
  A jackal zombie (D:6)
  8 rats
194 creatures vanquished.

Vanquished Creatures (others)
  A dart slug (D:4)
  An orc (D:6)
  A quokka skeleton (D:4)
3 creatures vanquished.

Grand Total: 197 creatures vanquished

Notes
Turn   | Place    | Note
--------------------------------------------------------------
     0 | D:1      | simvig the Minotaur Fighter began the quest for the Orb.
     0 | D:1      | Reached XP level 1. HP: 19/19 MP: 0/0
    79 | D:1      | Reached skill level 3 in Maces & Flails
   171 | D:1      | Reached XP level 2. HP: 25/26 MP: 1/1
   248 | D:1      | Reached skill level 4 in Maces & Flails
   521 | D:1      | Reached XP level 3. HP: 29/31 MP: 2/2
   552 | D:2      | Noticed Sigmund
   552 | D:2      | Noticed Robin
   633 | D:2      | Noticed Natasha
   639 | D:2      | Killed Natasha
   639 | D:2      | Reached skill level 5 in Maces & Flails
   799 | D:2      | Reached XP level 4. HP: 39/39 MP: 3/3
   878 | D:2      | Killed Robin
   922 | D:2      | Noticed Natasha
   941 | D:2      | Killed Natasha
   941 | D:2      | Reached skill level 6 in Maces & Flails
   950 | D:2      | Noticed Natasha
   960 | D:2      | Killed Natasha
   960 | D:2      | Reached XP level 5. HP: 6/45 MP: 4/4
  1503 | D:2      | Killed Sigmund
  1503 | D:2      | Reached skill level 7 in Maces & Flails
  1503 | D:2      | Reached XP level 6. HP: 18/51 MP: 5/5
  1508 | D:2      | Gained mutation: You are partially covered in rough black scales (AC +4, Dex -1). [potion of mutation]
  1508 | D:2      | Gained mutation: You are partially covered in icy blue scales (AC +1). [potion of mutation]
  1508 | D:2      | Gained mutation: You are robust (+10% HP). [potion of mutation]
  1868 | D:2      | Reached skill level 8 in Maces & Flails
  2463 | D:3      | Found an oddly glowing altar of Pakellas.
  2609 | D:4      | Noticed Flanowski's ghost (amateur GrFi)
  2682 | D:4      | Found a radiant altar of Vehumet.
  2722 | D:5      | Entered Level 5 of the Dungeon
  2848 | D:5      | Reached skill level 9 in Maces & Flails
  2923 | D:5      | Reached XP level 7. HP: 53/62 MP: 6/6
  3020 | D:5      | Reached skill level 10 in Maces & Flails
  3094 | D:5      | Found a stormy altar of Qazlal.
  3660 | D:5      | Reached skill level 11 in Maces & Flails
  3691 | D:5      | Reached XP level 8. HP: 70/70 MP: 7/7
  4131 | D:6      | Reached skill level 12 in Maces & Flails
  4212 | D:6      | Noticed Edmund
  4232 | D:6      | Killed Edmund
  4287 | D:4      | Found a shattered altar of Ashenzari.
  4421 | D:4      | Killed Flanowski's ghost
  4421 | D:4      | Reached skill level 13 in Maces & Flails
  4437 | D:4      | Found a snail-covered altar of Cheibriados.
  4774 | D:6      | Found a shadowy altar of Dithmenos.
  4790 | D:6      | Reached XP level 9. HP: 67/77 MP: 8/8
  4871 | D:6      | Found a sparkling altar of Nemelex Xobeh.
  4887 | D:6      | Found a glowing golden altar of the Shining One.
  4931 | D:6      | Killed from afar by an orc warrior

Skill      XL: |  1  2  3  4  5  6  7  8 |
---------------+-------------------------+-----
Maces & Flails | 3 4 5 6 7 9 11 13 | 13.9
Fighting       | |  3.6
Armour         | |  3.6
Shields        | |  3.6

Action                   |  1- 3 |  4- 6 |  7- 9 || total
-------------------------+-------+-------+-------++-------
Melee: Flail             |    71 |    18 |    90 ||   179
       Headbutt          |    14 |    19 |    39 ||    72
       Whip              |       |   149 |   216 ||   365
  Use: Potion            |       |     4 |       ||     4
  Eat: Chunk             |       |     7 |     6 ||    13
Armor: Scale mail        |    44 |    31 |       ||    75
       Chain mail        |       |    27 |   108 ||   135
Dodge: Dodged            |    33 |    38 |    70 ||   141
Block: Shield            |    37 |    63 |   127 ||   227
